[Event "FIDE Womens Grand Prix-I 2022-23"]
[Site "Nur-Sultan"]
[Date "2022.09.25"]
[Round "7.1"]
[White "Assaubayeva, Bibisara"]
[Black "Shuvalova, Polina"]
[Result "1/2-1/2"]
[ECO "D37"]
[WhiteElo "2443"]
[BlackElo "2510"]
[Annotator "TA"]
[PlyCount "226"]
[EventDate "2022.09.15"]
[EventType "tourn"]
[EventCountry "KAZ"]
[SourceTitle "playchess.com"]
[Source "ChessBase"]
[SourceQuality "1"]
[TimeControl "40/5400+30:1800+30"]

1. d4 Nf6 2. c4 e6 3. Nf3 d5 4. Nc3 Be7 5. Bf4 O-O 6. e3 Nbd7 7. c5 Nh5 8. Bd3 Nxf4 9. exf4 b6 10. b4 c6 11. O-O a5 12. a3 $1 Ba6 13. Re1 Bf6 14. Bxa6 Rxa6 15. Qd3 Qa8 16. b5 cxb5 17. c6 Qxc6 18. Nxb5 Rc8 19. a4 Raa8 20. Qa3 Nf8 21. Ne5 Qe8 $1 22. Qf3 Be7 23. f5 Bb4 24. Re2 Qe7 25. fxe6 fxe6 26. g3 Qf6 27. Qe3 Qf5 28. h4 Rab8 (28... Ng6 $11) 29. g4 (29. Rc1 $14) 29... Qf6 $11 30. h5 Qe7 31. h6 gxh6 32. Qxh6 Qg7 33. Qe3 Ng6 34. Nxg6 Qxg6 35. Qxe6+ Qxe6 36. Rxe6 Rc2 37. f4 Rbc8 38. Rf1 R8c6 39. f5 Rxe6 40. fxe6 Rc6 41. Rf5 Rxe6 42. Rxd5 Re2 43. Rd7 Ra2 44. Nc7 Rxa4 45. Nd5 Kf8 46. Rxh7 Ba3 47. Nxb6 Rxd4 48. Kf1 Be7 (48... Rxg4 $2 49. Nd7+ Kg8 50. Nf6+ Kf8 51. Nxg4 $18) 49. Rh8+ Kf7 50. Rh7+ Kf8 51. Rh8+ Kg7 52. Rc8 Bd8 53. Na4 Kf7 54. Ke2 Bf6 55. Nb6 Bd8 56. Na4 Ke7 57. Nc3 Kd7 58. Ra8 Kc6 ({Of course not} 58... Rxg4 59. Ra6 $15) 59. Rc8+ Kb7 ({Much weaker is} 59... Kd7 60. Rc5 $15) 60. Rc5 $1 Rxg4 61. Kd3 a4 62. Nxa4 Rxa4 63. Rb5+ Kc6 64. Rf5 Bb6 65. Kc3 Bc5 66. Kd3 Rd4+ 67. Ke2 Kd6 68. Rh5 Rf4 69. Kd3 Bd4 70. Ra5 Rh4 71. Rb5 Bc5 72. Rb3 Kd5 73. Rc3 Bb4 74. Rb3 Rg4 75. Ke2 Bc5 76. Kd3 Re4 77. Rc3 Rd4+ 78. Ke2 Rh4 79. Kd3 Bb4 80. Rb3 Bc5 81. Rc3 Bd4 82. Rb3 Kc5 83. Rb1 Rh3+ 84. Ke4 Re3+ 85. Kf4 Re8 86. Rh1 Kd5 87. Rh5+ Be5+ 88. Kf3 Rf8+ 89. Ke3 Ra8 90. Rh4 Ra3+ 91. Ke2 Rb3 92. Rg4 Ra3 93. Rh4 Bg3 94. Rb4 Bd6 95. Rh4 Ke5 96. Rg4 Be7 97. Rc4 Bd6 98. Rg4 Kf5 99. Rd4 Bf4 100. Rb4 Be3 101. Rb8 Bd4 102. Re8 Be5 103. Rc8 Ke4 104. Rc4+ Bd4 105. Rc2 Rh3 106. Rd2 Rh2+ 107. Kd1 $1 Rh1+ 108. Ke2 Rh3 109. Kd1 Bc3 110. Rd8 Bd4 111. Kc2 Rc3+ 112. Kd2 Rb3 113. Re8+ Be5 1/2-1/2

[Event "FIDE Womens Grand Prix-I 2022-23"]
[Site "Nur-Sultan"]
[Date "2022.09.25"]
[Round "7.2"]
[White "Tan, Zhongyi"]
[Black "Kashlinskaya, Alina"]
[Result "1-0"]
[ECO "D40"]
[WhiteElo "2525"]
[BlackElo "2491"]
[Annotator "TA"]
[PlyCount "85"]
[EventDate "2022.09.15"]
[EventType "tourn"]
[EventCountry "KAZ"]
[SourceTitle "playchess.com"]
[Source "ChessBase"]
[SourceQuality "1"]
[TimeControl "40/5400+30:1800+30"]

1. d4 Nf6 2. c4 e6 3. Nf3 d5 4. Nc3 c5 5. e3 Nc6 6. a3 dxc4 7. Bxc4 a6 8. O-O b5 9. Ba2 Bb7 10. Qe2 cxd4 {[%emt 0:00:31] D40: Queen's Gambit Declined: Semi-Tarrasch with 5 e3.} 11. Rd1 b4 12. axb4 Nxb4 {[%emt 0:06:57] The position is equal.} 13. Rxd4 {[%emt 0:00:13] [#]} Qa5 $146 ({Predecessor:} 13... Qb6 14. Bb3 Be7 15. Ba4+ Bc6 16. e4 O-O 17. Bg5 Bxa4 18. Rxa4 a5 19. h3 Rfd8 {½-½ (27) Laine,J (2166)-Maliszewski,G (2250) ICCF email 2017}) 14. Nd2 Nxa2 (14... Qg5 15. Nde4 Nxe4 16. Nxe4 Bxe4 17. Rxe4 $14) 15. Rxa2 Qg5 ({Black should try} 15... Qc7 $11) 16. e4 (16. Nf3 $5 Qc5 17. Rc4 $16) 16... Be7 17. Nb3 Qe5 18. g3 Qc7 (18... Qb8 $14) 19. Rc4 $16 Qd7 {[%emt 0:01:31] [#]} 20. Bf4 $1 Rc8 {[%emt 0:02:51] Against Rc7} 21. Rd4 Qc6 22. Na5 {[%emt 0:00:25] White is much more active.} Qb6 23. Rc4 {[%emt 0:03:19] Hoping for Be3.} Rxc4 24. Qxc4 (24. Nxc4 Qc5 $11) 24... Ng4 {[%emt 0:02:31] Prevents Be3.} 25. Qa4+ ({Better is} 25. b4 $16) 25... Kf8 $11 26. Nd1 {[%emt 0:08:09] And now h3 would win. Pair of Knights!} Ba8 $132 {[%emt 0:06:22][%mdl 2048] Black puts up resistance} 27. Ne3 Nxe3 (27... g5 $11 28. Bxg5 (28. Nxg4 gxf4 29. Ne5 Kg7 $15) 28... Bxg5 29. Nxg4 Kg7) 28. Bxe3 $14 Qb4 29. Qxb4 Bxb4 30. Nc4 Bxe4 31. Rxa6 {[%emt 0:00:08] Rb6 is the strong threat.} Ke7 (31... Be7 $142) 32. Ra7+ Kf6 (32... Ke8 $16) 33. Bd4+ $18 Kg6 $2 (33... e5 34. Nxe5 Ke6) 34. Ne5+ Kh5 {[%emt 0:00:00] [#]} 35. f3 $1 (35. Nxf7 Ra8 $14) ({Weaker is} 35. Rxf7 Rd8 36. Rd7 Rxd7 37. Nxd7 Kg6 $16) 35... f6 36. Nf7 ({Less strong is} 36. fxe4 fxe5 37. Be3 Kg6 $16) 36... Rc8 37. fxe4 Kg4 $2 (37... Rc4) 38. Kf2 e5 {[%emt 0:00:34] [#]} (38... Rc2+ $142 39. Ke3 Rxh2) 39. Nxe5+ $1 fxe5 40. Rxg7+ Kh5 41. Bxe5 (41. Be3 $142 h6 42. Kg2 Rf8 43. h3 Rf4 44. gxf4 exf4 45. Bxf4 Bc5 46. e5) 41... Rc2+ 42. Kf3 {[%emt 0:00:25] Threatening mate with Bf4.} Kh6 43. Rg8 {[%emt 0:00:09] Weighted Error Value: White=0.26 (precise) /Black=0.49} 1-0

[Event "FIDE Womens Grand Prix-I 2022-23"]
[Site "Nur-Sultan"]
[Date "2022.09.25"]
[Round "7.3"]
[White "Wagner, Dinara"]
[Black "Lagno, Kateryna"]
[Result "0-1"]
[ECO "E11"]
[WhiteElo "2358"]
[BlackElo "2547"]
[Annotator "TA"]
[PlyCount "68"]
[EventDate "2022.09.15"]
[EventType "tourn"]
[EventCountry "KAZ"]
[SourceTitle "playchess.com"]
[Source "ChessBase"]
[SourceQuality "1"]
[TimeControl "40/5400+30:1800+30"]

1. d4 Nf6 2. c4 e6 3. Nf3 d5 4. g3 Bb4+ 5. Bd2 Be7 6. Bg2 {[%emt 0:01:03] E11: Bogo-Indian.} Nbd7 7. O-O {[%emt 0:00:47] 7.0-0 scores better than 7.Qc2.} c6 8. Qc2 {[%emt 0:05:39] The position is equal.} Ne4 9. Bf4 g5 10. Bc1 h5 11. Nc3 f5 12. Nxe4 dxe4 13. Ne5 Nxe5 14. dxe5 Qc7 {[%emt 0:12:10] [#]} 15. Qc3 $146 ({Predecessor:} 15. b3 c5 16. Rd1 Bd7 17. Bb2 O-O-O 18. a3 e3 19. fxe3 Bc6 20. e4 fxe4 21. Bxe4 {1-0 (48) Berdnyk,M (2308)-Vaishali,R (2414) Chess.com INT 2021}) 15... c5 16. a3 (16. f3 $11) 16... a5 (16... Bd7 $15) 17. Bd2 (17. f3 $11) 17... Bd7 18. Rfd1 Kf7 19. f3 exf3 20. Bxf3 Bc6 {[%emt 0:01:25] Against e4} 21. e4 fxe4 22. Bg2 Rad8 23. Qe3 Rd3 $36 {[%emt 0:02:38][%mdl 2048] Black is pushing.} (23... Qxe5 $2 24. Bc3 Qc7 25. Rf1+ (25. Bxe4 Bxe4 26. Bxh8 Rxh8 $16) (25. Bxh8 Rxh8 26. Rf1+ Kg7 $18) 25... Kg8 26. Bxe4 (26. Qf2 Rh7 $16) 26... Bxe4 27. Bxh8 $18 (27. Qxe4 Rh6 $16)) 24. Rf1+ (24. Qe2 $1 $11) 24... Kg7 $17 {[%emt 0:03:03] Dancing on a razor blade.} 25. Qe2 {[%emt 0:00:04] [#]} (25. Qf2 $17 {was called for.} Rf8 26. Qe2) 25... h4 $1 $19 26. Be1 (26. Qf2 {was worth a try.} Rf8 27. Qe2) 26... Qxe5 $2 (26... hxg3 $19 27. Bxg3 Qd7) 27. gxh4 $2 {[%emt 0:02:19][%mdl 8192] White does not recover from this.} (27. Qxd3 $15 exd3 28. Bc3 Qxc3 29. bxc3) 27... Bd6 28. Bh1 Qd4+ 29. Bf2 {[%emt 0:00:23] [#]} e3 (29... Bxh2+ $142 $1 30. Kxh2 e3 31. Bxc6 exf2 32. Qxf2 Rd2 33. Qxd2 Rxh4+ 34. Kg3 Qxd2 35. Bg2 Qe3+ 36. Rf3 Qe5+ 37. Kf2 Qxb2+ 38. Kg3 Qxa1 39. Re3 Qd4 40. Re4 Rxe4 41. Bxe4 Qxe4 42. Kf2 g4 43. a4 Kf6 44. Kg1 g3 45. Kf1 Kg5 46. Kg1 Qe2 47. Kh1 Qh2#) 30. Be1 {[%emt 0:00:02] [#] Black is clearly winning.} Rd2 $1 31. Bxd2 exd2+ 32. Rf2 {[%emt 0:00:24] [#]} Bxh2+ $1 {[%emt 0:00:35][%mdl 576] Pin. A strong pair of Bishops.} 33. Kf1 Bxh1 34. Rd1 Bg3 {[%emt 0:00:45] Weighted Error Value: White=0.74/Black=0.57} 0-1

[Event "FIDE Womens Grand Prix-I 2022-23"]
[Site "Nur-Sultan"]
[Date "2022.09.25"]
[Round "7.4"]
[White "Paehtz, Elisabeth"]
[Black "Goryachkina, Aleksandra"]
[Result "1/2-1/2"]
[ECO "D10"]
[WhiteElo "2477"]
[BlackElo "2579"]
[Annotator "RC"]
[PlyCount "80"]
[EventDate "2022.09.15"]
[EventType "tourn"]
[EventCountry "KAZ"]
[SourceTitle "playchess.com"]
[Source "ChessBase"]
[SourceQuality "1"]
[TimeControl "40/5400+30:1800+30"]

1. d4 d5 2. c4 c6 3. cxd5 cxd5 4. Bf4 Nf6 5. Nc3 Nc6 6. e3 Bf5 7. Qb3 Na5 8. Qa4+ Bd7 9. Qc2 e6 10. Bd3 Nh5 11. Be5 f6 12. Bg3 g6 13. Nge2 Rc8 14. Bh4 Be7 15. g4 Ng7 16. Bg3 a6 17. h4 Bb5 18. Bxb5+ axb5 19. a3 Kf7 20. Nf4 Nc4 21. O-O f5 22. h5 Bd6 23. h6 Ne8 24. Qe2 Nf6 25. Nxb5 Bb8 26. b3 Nd6 27. Nxd6+ Bxd6 28. Qb5 Qe7 29. Rac1 Ne4 30. gxf5 gxf5 31. Qe2 Qg5 32. Kg2 Rhg8 33. Rxc8 Rxc8 34. Qb5 Rc7 35. Qb6 Qg4 36. Qb5 Bxf4 37. exf4 Rc3 38. Qd7+ Kf8 39. Qd8+ Kf7 40. Qd7+ Kf8 1/2-1/2

[Event "FIDE Womens Grand Prix-I 2022-23"]
[Site "Nur-Sultan"]
[Date "2022.09.25"]
[Round "7.5"]
[White "Zhu, Jiner"]
[Black "Vaishali, Rameshbabu"]
[Result "1/2-1/2"]
[ECO "B33"]
[WhiteElo "2464"]
[BlackElo "2449"]
[Annotator "TA"]
[PlyCount "62"]
[EventDate "2022.09.15"]
[EventType "tourn"]
[EventCountry "KAZ"]
[SourceTitle "playchess.com"]
[Source "ChessBase"]
[SourceQuality "1"]
[TimeControl "40/5400+30:1800+30"]

1. e4 c5 2. Nf3 Nc6 3. d4 cxd4 4. Nxd4 Nf6 5. Nc3 e5 6. Ndb5 d6 7. Bg5 a6 8. Na3 b5 9. Nd5 Be7 10. Bxf6 Bxf6 11. c3 Rb8 12. Nc2 Bg5 13. g3 O-O {[%emt 0:03:05] B33: Sicilian: Pelikan and Sveshnikov Variations.} 14. h4 Bh6 15. Bh3 Be6 16. Qd3 $1 {[%emt 0:04:31][%mdl 4] is recently more successful than 16.Bxe6.} Qd7 17. Bxe6 fxe6 18. Nde3 Bxe3 19. Nxe3 Rbd8 20. Rd1 Qf7 {[%emt 0:01:29][%csl Gf8][%cal Rf7f2] [#]} 21. O-O d5 22. exd5 exd5 23. Nxd5 Nd4 24. cxd4 Qxd5 {[%emt 0:00:19] [#]} 25. Qb3 $146 (25. Qa3 $14) ({Predecessor:} 25. Qa3 exd4 26. Qxa6 d3 27. Rd2 h6 28. Qa3 Kh8 29. Qb3 Qf5 30. Re1 Qc5 31. Qc3 {½-½ (94) Maghsoodloo,P (2706)-Praggnanandhaa,R (2610) Kolkata 2021}) 25... Qxb3 $11 {[%emt 0:04:41] The position is equal.} 26. axb3 Rxd4 27. Rxd4 exd4 {[%emt 0:00:02] KR-KR} 28. Kg2 Rc8 29. Rd1 Rc2 {[%emt 0:00:05] Inhibits Rd2.} 30. Rxd4 Rxb2 31. b4 h5 {[%emt 0:00:40] Weighted Error Value: White=0.06 (flawless) /Black=0.02 (flawless)} 1/2-1/2

[Event "FIDE Womens Grand Prix-I 2022-23"]
[Site "Nur-Sultan"]
[Date "2022.09.25"]
[Round "7.6"]
[White "Abdumalik, Zhansaya"]
[Black "Kosteniuk, Alexandra"]
[Result "0-1"]
[ECO "C50"]
[WhiteElo "2503"]
[BlackElo "2521"]
[Annotator "TA"]
[PlyCount "50"]
[EventDate "2022.09.15"]
[EventType "tourn"]
[EventCountry "KAZ"]
[SourceTitle "playchess.com"]
[Source "ChessBase"]
[SourceQuality "1"]
[TimeControl "40/5400+30:1800+30"]

1. e4 e5 2. Nf3 Nc6 3. Bc4 Bc5 4. d3 Nf6 5. O-O O-O 6. Re1 {[%emt 0:00:28] C50: Hungarian Defence and Giuoco Pianissimo.} Ng4 $1 {[%emt 0:01:02][%mdl 4] outshines the older 6...d6.} 7. Re2 Kh8 8. h3 {[%emt 0:00:21] The position is equal.} f5 9. Bg5 ({Reject} 9. hxg4 fxg4 10. Ng5 Qf6 $15) 9... Nf6 10. Nc3 d6 11. exf5 {[%emt 0:01:21] [#]} Nd4 $5 $146 {[%emt 0:05:02][%mdl 8] New and interesting.} ({Black should play} 11... Bxf5 12. Ne4 Bxe4 13. dxe4 Qe8) ({Predecessor:} 11... Bxf5 12. Na4 Bb6 13. Nxb6 axb6 14. d4 h6 15. dxe5 dxe5 16. Bh4 e4 17. Nh2 Qe7 {0-1 (46) Dominguez Perez,L (2754)-Aronian,L (2775) chess24.com INT 2022}) 12. Nxd4 $11 Bxd4 13. g4 c6 {[%emt 0:00:11] Against Bd5} 14. a4 (14. Bb3 $14) 14... d5 15. Bb3 Qd6 ({Better is} 15... g6 $1 $15 16. fxg6 Qe8 17. g7+ Kxg7) 16. Kg2 {[%emt 0:02:05] [#]} (16. Qd2 $11 {keeps the balance.}) 16... g6 $1 $17 17. Qe1 $2 {[%emt 0:28:41][%mdl 8192] Loses the game.} (17. Ne4 $17 dxe4 18. dxe4) 17... gxf5 $19 {[%emt 0:01:14] Black is clearly winning.} 18. f3 fxg4 19. hxg4 {[%emt 0:01:27] [#]} Nxg4 $1 {[%emt 0:02:44][%mdl 512] Strongly threatening ...Qg6.} 20. Qh4 {[%emt 0:07:30] [#]} (20. Qg3 Qg6) 20... Qg6 $1 {[%emt 0:05:35][%cal Of8f5] aiming for ...Rf5!} 21. fxg4 {[%emt 0:21:38] [#]} (21. Bd2 Nf2+) 21... Bxg4 $1 22. Rf1 (22. Qxg4 Rf5) 22... Bxe2 23. Nxe2 Be3 24. Qg3 Qxg5 (24... Bxg5 $142 25. Qxe5+ Bf6+ 26. Qg3 Qe8) 25. Qxg5 Bxg5 {[%emt 0:00:05] Weighted Error Value: White=1.05/Black=0.67} 0-1